 Dungeon Crawl Stone Soup version 0.23-a0-607-g760965b (webtiles) character file.

298 MalarOregon the Poker (level 6, 0/48 HPs)
             Began as a Merfolk Gladiator on Dec 20, 2018.
             Succumbed to Edmund's poison
             ... on level 3 of the Dungeon.
             The game lasted 00:04:47 (2302 turns).

MalarOregon the Poker (Merfolk Gladiator)           Turns: 2302, Time: 00:04:47

Health: 0/48       AC: 10    Str: 15    XL:     6   Next: 35%
Magic:  6/6        EV: 15    Int: 14    God:
Gold:   150        SH:  0    Dex: 15    Spells: 5/5 levels left

rFire    . . .     SeeInvis +   a - +0 trident
rCold    . . .     Gourm    .   (no shield)
rNeg     . . .     Faith    .   b - +0 leather armour
rPois    +         Spirit   .   c - +0 helmet
rElec    .         Reflect  .   n - +4 cloak of Leheoj {-Cast rPois rCorr SInv}
rCorr    +         Harm     .   p - +0 pair of gloves
MR       .....     NoCast   +   (no boots)
Stlth    +.........             (no amulet)
HPRegen  0.16/turn              (no ring)
MPRegen  0.10/turn              (no ring)

@: brilliant, lethally poisoned (0 -> -15), hasted, very quick
A: change form in water, swift swim, stealthy swim
a: no special abilities


You were on level 3 of the Dungeon.
You were hungry.

You visited 1 branch of the dungeon, and saw 4 of its levels.

You collected 150 gold pieces.

Inventory:

Hand Weapons
 a - a +0 trident (weapon)
Missiles
 d - 4 throwing nets {!f}
 f - 106 stones (quivered)
Armour
 b - a +0 leather armour (worn)
 c - a +0 helmet (worn)
 h - a scarf of cloud immunity
   (You found it on level 1 of the Dungeon)
 j - the cursed +0 ring mail of Cistocud {rC+ Int-2 Slay+3, unknown}
   (You found it on level 4 of the Dungeon)

   It affects your intelligence (-2).
   It affects your accuracy and damage with ranged weapons and melee attacks
   (+3).
   It protects you from cold.
   It has a curse placed upon it.
 n - the +4 cloak of Leheoj (worn) {-Cast rPois rCorr SInv}
   (You found it on level 2 of the Dungeon)

   It protects you from poison.
   It lets you see invisible.
   It prevents spellcasting.
   It provides partial protection from all sources of acid and corrosion.
 p - a +0 pair of gloves (worn)
   (You found it on level 3 of the Dungeon)
Scrolls
 g - 2 scrolls of identify {unknown}
 k - a scroll of noise {unknown}
 m - 2 scrolls of remove curse {@r2}
 o - a scroll of enchant armour {unknown}
 r - a scroll of fear {unknown}
Potions
 i - a potion of magic
 q - a potion of haste {@q3}
Comestibles
 e - 7 rations {!d}


   Skills:
 + Level 3.7 Fighting
 * Level 7.1 Polearms
 + Level 3.4 Throwing
 + Level 5.3 Dodging


You had 5 spell levels left.
You didn't know any spells.
Your spell library was empty.

Dungeon Overview and Level Annotations

Branches:
Dungeon (4/15)
 Temple: D:4-7

Altars:
Makhleb


Message History

Edmund hits you with a +0 flail of venom!
* * * LOW HITPOINT WARNING * * *
You are more poisoned.
It was a potion of brilliance.
You feel clever all of a sudden.
* * * LOW HITPOINT WARNING * * *
You feel sick. Edmund misses you.
It was a potion of magic.
Magic courses through your body.
* * * LOW HITPOINT WARNING * * *
You feel sick.
Okay, then.
As you read the scroll labeled DOOKEO DYIMIA, it crumbles to dust.
You feel blessed for a moment.
It was a scroll of remove curse.
* * * LOW HITPOINT WARNING * * *
You feel sick. Edmund closely misses you.
Wear which item? (? for menu, Esc to quit)
Okay, then.
You closely miss Edmund.
* * * LOW HITPOINT WARNING * * *
You feel sick.
You puncture Edmund!
* * * LOW HITPOINT WARNING * * *
You feel sick. Edmund barely misses you.
You closely miss Edmund.
* * * LOW HITPOINT WARNING * * *
You feel sick.
You hit Edmund but do no damage.
* * * LOW HITPOINT WARNING * * *
You feel sick. Edmund barely misses you.
You hit Edmund.
* * * LOW HITPOINT WARNING * * *
You feel sick.
You hit Edmund.
You kill Edmund!
Your Polearms skill increases to level 7!
You have reached level 6!
Your experience leads to an increase in your attributes!
Your base attributes are Str 15, Int 8, Dex 15.
Increase (S)trength, (I)ntelligence, or (D)exterity?
You feel clever.
* * * LOW HITPOINT WARNING * * *
You feel sick.
Unknown command.
Wear which item? (? for menu, Esc to quit)
Keep disrobing?
* * * LOW HITPOINT WARNING * * *
You feel sick.
You start removing your armour.
You continue taking off your +0 leather armour.
You die...

#.# #.# ######.###.###.#####
#.# #.# #.##..###.# ### #.#
#.# #.##..#...###.. #.# #.#
#.##.......##.# #.# #.#
#.##........... #.# #.#
#..........##.# #.# #.#
#######..#...###.# #.# #.#
#>)......##.## #.#
#.###.######@######...)####.#
#......................)..#.#
#########################.#..
#.### #.... #####


There were no monsters in sight!

Vanquished Creatures
  Edmund (D:3)
  A crimson imp (D:2)
  A hound (D:2)
  A worker ant (D:3)
  2 adders (D:2)
  2 worms
  3 leopard geckos
  2 orcs (D:3)
  7 bats
  4 giant cockroaches
  8 hobgoblins
  7 kobolds
  2 quokkas (D:3)
  A ball python (D:1)
  3 frilled lizards
  9 goblins
  8 rats
62 creatures vanquished.

Notes
Turn   | Place    | Note
-------+----------+-------------------------------------------
     0 | D:1      | MalarOregon the Merfolk Gladiator began the quest for the
                  | Orb.
     0 | D:1      | Reached XP level 1. HP: 16/16 MP: 1/1
   195 | D:1      | Reached XP level 2. HP: 16/23 MP: 2/2
   474 | D:1      | Reached skill level 5 in Polearms
   676 | D:2      | Reached XP level 3. HP: 20/28 MP: 3/3
  1124 | D:2      | Got a faintly humming cloak
  1178 | D:2      | Identified the +4 cloak of Leheoj {-Cast rPois rCorr SInv}
                  | (You found it on level 2 of the Dungeon)
  1361 | D:2      | Reached XP level 4. HP: 20/35 MP: 4/4
  1552 | D:2      | Found a burning altar of Makhleb.
  1558 | D:2      | Reached skill level 6 in Polearms
  1558 | D:2      | Reached XP level 5. HP: 39/41 MP: 5/5
  1570 | D:2      | Found a faded altar of an unknown god.
  1807 | D:3      | Reached skill level 5 in Dodging
  2264 | D:4      | Noticed Edmund
  2267 | D:4      | Got a faintly glowing ring mail
  2300 | D:3      | Killed Edmund
  2300 | D:3      | Reached skill level 7 in Polearms
  2300 | D:3      | Reached XP level 6. HP: 3/48 MP: 6/6
  2300 | D:3      | HP: 2/48 [poisoned by Edmund]
  2302 | D:3      | Succumbed to Edmund's poison

Vault maps used:
D:1:      psy_arrival_spokes, minmay_cupped
D:2:      makhleb_grotto_becter, chequers_ecumenical_altar_twisty, first_ration,
          chequers_avenue, minivault_19, dk_noncrumbling_2,
          serial_bayou_lagoon_b
D:4:      nicolae_overflow_hidden_temple, minmay_temple_entry_glass, uniq_edmund

Skill      XL: |  1  2  3  4  5 |
---------------+----------------+-----
Polearms       | 5 6 7 |  7.1
Fighting       | 3 |  3.7
Throwing       | 3 |  3.4
Dodging        | 5 |  5.3

Action                   |  1- 3 |  4- 6 || total
-------------------------+-------+-------++-------
Melee: Trident           |   140 |    87 ||   227
       Tailslap          |     2 |       ||     2
Throw: Stone             |     2 |       ||     2
  Use: Potion            |       |     3 ||     3
       Scroll            |       |     1 ||     1
 Stab: Sleeping          |     1 |     3 ||     4
       Distracted        |     1 |       ||     1
  Eat: Chunk             |     1 |     3 ||     4
Armor: Leather armour    |    35 |    13 ||    48
Dodge: Dodged            |   114 |    42 ||   156

Table legend:
 A = Non-vault XP
 B = Vault XP
 C = Vault XP percentage of total XP
 D = Non-vault monster count
 E = Vault monster count
 F = Vault count percentage of total count
                 A         B        C        D         E       F
            +---------+---------+-------+---------+---------+-------
      Total |     194 |     232 |  54.5 |      54 |       8 |  12.9
            +---------+---------+-------+---------+---------+-------
        D:1 |      17 |      10 |  37.0 |      13 |       6 |  31.6
        D:2 |     101 |      46 |  31.3 |      20 |       1 |   4.8
        D:3 |      76 |     176 |  69.8 |      21 |       1 |   4.5
            +---------+---------+-------+---------+---------+-------
